 Dungeon Crawl Stone Soup version 0.23.2-33-g5129a83184 (webtiles) character file.

Game seed: 13460409893446764921

4554 Kold the Destroyer (level 10, -2/80 HPs)
             Began as a Purple Draconian Conjurer on July 3, 2019.
             Was a Believer of Vehumet.
             Slain by teukkam's ghost (18 damage)
             ... on level 7 of the Dungeon on July 9, 2019.
             The game lasted 00:34:00 (10091 turns).

Kold the Destroyer (Purple Draconian Conjurer)     Turns: 10091, Time: 00:34:00

Health: -2/80      AC:  8    Str: 11    XL:     10   Next: 17%
Magic:  24/31      EV: 17    Int: 19    God:    Vehumet [**....]
Gold:   529        SH:  0    Dex: 11    Spells: 12/25 levels left

rFire    . . .     SeeInvis .   e - +3 war axe (elec)
rCold    . . .     Gourm    .   (no shield)
rNeg     . . .     Faith    .   (armour unavailable)
rPois    .         Spirit   .   (helmet restricted)
rElec    .         Reflect  .   (no cloak)
rCorr    .         Harm     .   d - +0 pair of gloves
MR       +....                  (no boots)
Stlth    +++.......             (no amulet)
HPRegen  0.23/turn              c - +4 ring of evasion
MPRegen  0.22/turn              g - ring of magical power

@: no status effects
A: breathe power, unfitting armour, cold-blooded, AC +7
a: Breathe Dispelling Energy, Renounce Religion


You were on level 7 of the Dungeon.
You worshipped Vehumet.
Vehumet was pleased with you.
You were not hungry.

You visited 2 branches of the dungeon, and saw 10 of its levels.

You collected 529 gold pieces.

Inventory:

Hand Weapons
 e - a +3 war axe of electrocution (weapon)
 n - the +2 falchion of Earthquakes {slice, rF++ MR+ Int-2 Dex+3}
   (You found it on level 4 of the Dungeon)

   It inflicts extra damage upon your enemies.
   It affects your intelligence (-2).
   It affects your dexterity (+3).
   It greatly protects you from fire.
   It affects your resistance to hostile enchantments.
Armour
 d - a +0 pair of gloves (worn)
Jewellery
 c - a +4 ring of evasion (left hand)
 f - an uncursed ring of resist corrosion
 g - a ring of magical power (right hand)
 p - an uncursed ring of poison resistance
 v - an uncursed ring of positive energy
 z - a +5 ring of strength
 C - an uncursed amulet of harm {unknown}
Wands
 t - a wand of enslavement (6)
 x - a wand of random effects (21)
 G - a wand of paralysis (10)
 I - a wand of iceblast (7)
Scrolls
 h - 4 scrolls of remove curse
 m - a scroll of fear {unknown}
 o - 3 scrolls of enchant armour {unknown}
 r - a scroll of teleportation {unknown}
 s - 2 scrolls of blinking {unknown}
 u - 2 scrolls of random uselessness {unknown}
 w - a scroll of enchant weapon
 y - a scroll of identify {unknown}
 A - 3 scrolls of magic mapping {unknown}
 B - 2 scrolls of amnesia {unknown}
 H - a scroll of fog {unknown}
Potions
 a - 3 potions of curing {unknown}
 i - a potion of might {unknown}
 j - 3 potions of cancellation {unknown}
 k - 5 potions of flight {unknown}
 l - 3 potions of mutation {unknown}
 q - 2 potions of magic {unknown}
 D - a potion of haste {unknown}
 E - a potion of ambrosia {unknown}
 F - a potion of heal wounds
Comestibles
 b - 8 rations


   Skills:
 + Level 4.4 Fighting
 + Level 4.3 Dodging
 + Level 4.7 Stealth
 - Level 8.1 Spellcasting
 - Level 10.0 Conjurations
 + Level 5.7 Hexes
 + Level 0.3 Charms
 + Level 0.3 Translocations
 + Level 0.8 Evocations


You had 12 spell levels left.
You knew the following spells:

 Your Spells              Type           Power        Failure   Level  Hunger
a - Magic Dart            Conj           ####         1%          1    None
b - Searing Ray           Conj           #####.       1%          2    None
c - Iskenderun's Mystic   Conj           #####...     1%          4    ###....
d - Fulminant Prism       Conj/Hex       #####.....   3%          4    ###....
e - Shroud of Golubria    Chrm/Tloc      #.........   12%         2    None

Your spell library contained the following spells:

 Spells                   Type           Power        Failure   Level  Hunger
 Shock                    Conj/Air       ####         1%          1    None
 Dazzling Spray           Conj/Hex       #####.       1%          3    None
 Infusion                 Chrm           #...         8%          1    None
 Spectral Weapon          Hex/Chrm       ###.....     8%          3    None
 Force Lance              Conj/Tloc      ####....     11%         4    ###....
 Song of Slaying          Chrm           #.......     12%         2    None
 Regeneration             Chrm/Necr      #.........   26%         3    None


Dungeon Overview and Level Annotations

Branches:
Dungeon (9/15)             Temple (1/1) D:4
   Lair: D:8-11         Orc: D:9-12

Altars:
Ashenzari
Cheibriados
Dithmenos
Elyvilon
Fedhas
Gozag
Hepliaklqana
Kikubaaqudgha
Makhleb
Okawaru
Qazlal
Ru
Sif Muna
Trog
Uskayaw
Vehumet
Xom
Zin
The Shining One

Annotations:
D:6 3 runed translucent doors, Aiteri's ghost, novice HOFi
D:7 poxu's ghost, novice TrMo; teukkam's ghost, novice MiFi


Innate Abilities, Weirdness & Mutations

You can breathe bolts of dispelling energy.
Your rich purple scales are hard. (AC +7)
You cannot fit into any form of body armour.
You are cold-blooded and may be slowed by cold attacks.


Message History

Aiming: Fulminant Prism (safe; 3% risk of failure)
Press: ? - help, Dir - move target cursor You conjure a prism of explosive energy!
You open the gate.
Your fulminant prism crackles loudly.
Your fulminant prism explodes!
Casting: Fulminant Prism (safe; 3% risk of failure)
Confirm with . or Enter, or press ? or * to list all spells.
Aiming: Iskenderun's Mystic Blast (safe; 1% risk of failure)
Press: ? - help, Shift-Dir - straight line, f - poxu's ghost
Aim: poxu's ghost The orb of energy hits poxu's ghost!
Poxu's ghost is lightly damaged.
Poxu's ghost hits you!! Poxu's ghost hits you!!
There is a stone staircase leading up, spattered with blood here.
Poxu's ghost hits you!!
* * * LOW HITPOINT WARNING * * *
Teukkam's ghost hits you!!
You die...

......................#####.#.#
......................# ###.#.#
....................).#
#...#.###
......................#
#.#......
......................#
#.#......
......................#
#.##.....
................([....#
#.....>..
......................#
#######.#
...............W@.....# #.#
...............W......# #.#
........####'''####...# #.#
........#♣.......♣#...# #.#
........#⌠.......⌠#...# #..
........#♣.......♣#...# #..
........#[........#...# ##.
##########8.....8###### ##
##$♣⌠♣!## #


You could see poxu's ghost and teukkam's ghost.

Vanquished Creatures
  2 two-headed ogres (D:8)
  A hippogriff (D:7)
  Grinder (D:4)
  A spriggan (D:8)
  A hungry ghost (D:7)
  An orc warrior (D:7)
  An ice beast (D:5)
  A phantom (D:8)
  4 ogres
  3 centaurs
  3 bullfrogs (D:6)
  A wyvern zombie (D:7)
  5 scorpions
  6 killer bees (D:8)
  5 crimson imps
  A bullfrog zombie (D:6)
  5 orc priests
  2 jellies
  2 bullfrog skeletons
  A gnoll shaman (D:7)
  2 hounds
  Jessica (D:2)
  2 iguanas
  2 orc wizards
  4 worker ants
  Terence (D:2)
  Robin (D:3)
  4 gnolls (D:7)
  6 adders
  A shadow imp (D:9)
  4 adder zombies
  3 dart slugs
  2 leopard geckos
  22 orcs
  10 bats
  3 bat zombies (D:8)
  3 giant cockroaches
  18 goblins
  10 hobgoblins
  4 jackals (D:6)
  4 kobolds
  3 quokkas
  A ball python zombie (D:5)
  6 frilled lizards
  2 jackal zombies
  A quokka skeleton (D:7)
  A quokka zombie (D:7)
  6 rats
174 creatures vanquished.

Vanquished Creatures (others)
  12 fulminant prisms
  2 fungi (D:6)
  2 plants (D:6)
16 creatures vanquished.

Grand Total: 190 creatures vanquished

Notes
Turn   | Place    | Note
-------+----------+-------------------------------------------
     0 | D:1      | Kold the Draconian Conjurer began the quest for the Orb.
     0 | D:1      | Reached XP level 1. HP: 14/14 MP: 3/3
   211 | D:1      | Reached XP level 2. HP: 20/20 MP: 0/5
  1087 | D:2      | Reached XP level 3. HP: 26/26 MP: 7/7
  1257 | D:2      | Noticed Terence
  1278 | D:2      | Killed Terence
  1278 | D:2      | Reached XP level 4. HP: 33/33 MP: 1/8
  1412 | D:2      | Noticed Jessica
  1416 | D:2      | Killed Jessica
  1416 | D:2      | Reached skill level 5 in Conjurations
  1450 | D:2      | Noticed Robin
  1477 | D:2      | Found an opulent altar of Gozag.
  1736 | D:2      | Found a burning altar of Makhleb.
  1736 | D:2      | Noticed an Executioner
  1888 | D:3      | Reached XP level 5. HP: 5/38 MP: 10/10
  2907 | D:4      | Noticed an ogre
  2985 | D:3      | Killed Robin
  3121 | D:2      | Found a shimmering altar of Xom.
  3509 | D:3      | Killed an ogre
  3509 | D:3      | Reached skill level 6 in Conjurations
  3509 | D:3      | Reached XP level 6. HP: 45/45 MP: 12/12
  3993 | D:4      | Got a smoking falchion
  3994 | D:4      | Identified the +2 falchion of Earthquakes {slice, rF++ MR+
                  | Int-2 Dex+3} (You found it on level 4 of the Dungeon)
  4004 | D:4      | Noticed Grinder
  4006 | D:4      | Paralysed by Grinder for 2 turns
  4020 | D:4      | Paralysed by Grinder for 4 turns
  4025 | D:4      | Killed Grinder
  4025 | D:4      | Reached skill level 7 in Conjurations
  4025 | D:4      | Your scales start taking on a rich purple colour.
  4025 | D:4      | Reached XP level 7. HP: 40/50 MP: 12/14
  4096 | D:4      | Found a staircase to the Ecumenical Temple.
  4108 | D:4      | Reached skill level 5 in Spellcasting
  4165 | Temple   | Entered the Ecumenical Temple
  4181 | Temple   | Became a worshipper of Vehumet
  5125 | D:5      | Entered Level 5 of the Dungeon
  5265 | D:5      | Reached skill level 8 in Conjurations
  5906 | D:6      | Reached XP level 8. HP: 47/57 MP: 11/17
  5994 | D:7      | Found a runed translucent gate.
  5994 | D:7      | Found a runed translucent gate.
  5994 | D:7      | Found a runed translucent gate.
  5994 | D:7      | Noticed poxu's ghost (novice TrMo)
  5994 | D:7      | Noticed teukkam's ghost (novice MiFi)
  6312 | D:6      | Found a deep blue altar of Sif Muna.
  6384 | D:6      | Found a runed translucent gate.
  6384 | D:6      | Found a runed translucent gate.
  6385 | D:6      | Found a runed translucent gate.
  6387 | D:6      | Noticed Aiteri's ghost (novice HOFi)
  6435 | D:6      | Reached * piety under Vehumet
  6435 | D:6      | Offered knowledge of Flame Tongue by Vehumet.
  6435 | D:6      | Reached skill level 9 in Conjurations
  6614 | D:6      | Learned a level 2 spell: Searing Ray
  6619 | D:6      | Learned a level 4 spell: Iskenderun's Mystic Blast
  6624 | D:6      | Learned a level 4 spell: Fulminant Prism
  6954 | D:7      | Reached skill level 1 in Hexes
  7569 | D:7      | Noticed a hippogriff
  7577 | D:7      | Killed a hippogriff
  7590 | D:7      | Reached XP level 9. HP: 62/62 MP: 1/21
  7812 | D:7      | Reached skill level 1 in Fighting
  8041 | D:7      | Reached skill level 10 in Conjurations
  8294 | D:7      | Found an iron altar of Okawaru.
  8427 | D:8      | Noticed a two-headed ogre
  8435 | D:8      | Killed a two-headed ogre
  8997 | D:7      | Reached skill level 5 in Hexes
  9125 | D:8      | Offered knowledge of Shock by Vehumet.
  9127 | D:8      | Reached ** piety under Vehumet
  9145 | D:8      | Found a hazy altar of Hepliaklqana.
  9150 | D:8      | Found a snail-covered altar of Cheibriados.
  9150 | D:8      | Found a glowing silver altar of Zin.
  9221 | D:8      | Noticed a two-headed ogre
  9229 | D:8      | Killed a two-headed ogre
  9229 | D:8      | Reached XP level 10. HP: 27/79 MP: 14/22
  9647 | D:8      | Learned a level 2 spell: Shroud of Golubria
  9690 | D:8      | Found an ancient bone altar of Kikubaaqudgha.
 10091 | D:7      | Slain by teukkam's ghost

Skill      XL: |  1  2  3  4  5  6  7  8  9 |
---------------+----------------------------+-----
Stealth        | 2 4 |  4.7
Dodging        | 2 4 |  4.3
Spellcasting   | 3 4 6 8 |  8.1
Conjurations   | 5 6 7 8 9 10 | 10.0
Hexes          | 3 5 |  5.7
Fighting       | 4 |  4.4
Charms         | |  0.3
Translocations | |  0.3
Evocations     | |  0.8

Action                   |  1- 3 |  4- 6 |  7- 9 | 10-12 || total
-------------------------+-------+-------+-------+-------++-------
Melee: Dagger            |    24 |     2 |       |       ||    26
       Tailslap          |     1 |       |     1 |       ||     2
       War axe           |       |     3 |    17 |       ||    20
       Falchion          |       |       |     6 |       ||     6
 Cast: Magic Dart        |    80 |   133 |   234 |    21 ||   468
       Searing Ray       |       |       |    31 |     5 ||    36
       Fulminant Prism   |       |       |    11 |     1 ||    12
       Iskenderun's Myst |       |       |    14 |     1 ||    15
  Use: Potion            |       |     3 |     2 |       ||     5
       Scroll            |       |     2 |       |       ||     2
  Eat: Chunk             |     2 |     8 |     8 |     2 ||    20
       Ration            |       |       |     3 |     1 ||     4
Armor: Skin              |     7 |    13 |    25 |     3 ||    48
Dodge: Dodged            |    26 |    47 |   129 |    10 ||   212
       Rpst.: Falchion   |       |       |     5 |       ||     5
